 Dungeon Crawl Stone Soup version 0.23-a0-556-g351818a (webtiles) character file.

71 zishaf the Chucker (level 4, -1/44 HPs)
             Began as a Troll Hunter on Dec 10, 2018.
             Slain by Grinder (4 damage)
             ... on level 3 of the Dungeon.
             The game lasted 00:03:07 (1489 turns).

zishaf the Chucker (Troll Hunter)                   Turns: 1489, Time: 00:03:09

Health: -1/44      AC:  5    Str: 20    XL:     4   Next: 5%
Magic:  3/3        EV: 10    Int:  8    God:
Gold:   95         SH:  0    Dex: 10    Spells: 3/3 levels left

rFire    . . .     SeeInvis .   (no weapon)
rCold    . . .     Gourm    +   (no shield)
rNeg     . . .     Faith    .   b - +0 robe
rPois    .         Spirit   .   (helmet restricted)
rElec    .         Reflect  .   (no cloak)
rCorr    .         Harm     .   (gloves unavailable)
MR       .....                  (boots unavailable)
Stlth    ++........             (no amulet)
HPRegen  0.54/turn              z - ring of stealth
MPRegen  0.08/turn              (no ring)

@: no status effects
A: large, unfitting armour, claws 3, fast metabolism 3, gourmand, regeneration
1, shaggy fur 1, tough skin 2
a: no special abilities


You were on level 3 of the Dungeon.
You were very full.

You visited 1 branch of the dungeon, and saw 3 of its levels.

You collected 95 gold pieces.

Inventory:

Hand Weapons
 v - a cursed -3 club
 w - a +2 spear of venom
Missiles
 c - a large rock (quivered)
 d - 2 throwing nets
 l - 7 needles of confusion
Armour
 b - a +0 robe (worn)
Jewellery
 z - a ring of stealth (left claw)
Scrolls
 a - 2 scrolls of fear {unknown}
 e - 2 scrolls of teleportation {unknown}
 i - 4 scrolls of magic mapping {unknown}
 k - a scroll of enchant weapon {unknown}
 o - a scroll of amnesia {unknown}
 p - a scroll of fog {unknown}
 q - a scroll of enchant armour {unknown}
 s - a scroll of blinking {unknown}
 u - a scroll of remove curse {unknown}
 y - a scroll of identify {unknown}
Potions
 g - a potion of agility {unknown}
 h - a potion of ambrosia {unknown}
 j - a potion of curing {unknown}
 m - a potion of berserk rage {unknown}
 n - a potion of resistance {unknown}
 r - a potion of mutation {unknown}
 t - a potion of flight {unknown}
 x - a potion of might {unknown}
Comestibles
 f - 8 rations
 A - a chunk of flesh


   Skills:
 * Level 2.5 Fighting
 + Level 0.0 Maces & Flails
 - Level 4.0 Throwing
 * Level 2.5 Dodging
 - Level 0.3 Stealth


You had 3 spell levels left.
You didn't know any spells.
Your spell library was empty.

Dungeon Overview and Level Annotations

Branches:
Dungeon (3/15)

Altars:
Dithmenos
Sif Muna

Annotations:
D:3 Grinder


Innate Abilities, Weirdness & Mutations

You are too large for most types of armour.
You have claws for hands.
Your metabolism is lightning-fast.
You like to eat raw meat.
Your natural rate of healing is unusually fast.
You are covered in fur. (AC +1)
You have very tough skin. (AC +2)


Message History

Throwing (i - inventory. (/) - cycle)
c - 3 large rocks (quivered)
Press: ? - help, Shift-Dir - straight line, f/p - Grinder
Aim: Grinder, carrying a wand of random effects (21)
You throw a large rock. The large rock hits Grinder!
Grinder is moderately wounded.
Grinder says, "You look like you could use a good racking."
Grinder hits you! x2
* * * LOW HITPOINT WARNING * * *
You writhe in agony.
* * * LOW HITPOINT WARNING * * *
Throwing (i - inventory. (/) - cycle)
c - 2 large rocks (quivered)
Press: ? - help, Shift-Dir - straight line, f/p - Grinder
Aim: Grinder, carrying a wand of random effects (21) (moderately wounded)
You throw a large rock.
The large rock hits Grinder but does no damage.
Grinder is moderately wounded.
Grinder hits you.
* * * LOW HITPOINT WARNING * * *
You writhe in agony.
You die...

### ## # #. #.#
.####
##.##.##.##.#...
#(....5@........
#..##.##.#......
#..........<...#
.#..##.......#..#
.#......#........
.................
#..###.###.##...
####..###.###.##...
..................


You could see Grinder.

Vanquished Creatures
  An adder (D:2)
  A worm (D:3)
  3 dart slugs
  A leopard gecko (D:1)
  3 ball pythons
  7 bats
  6 giant cockroaches
  8 goblins
  5 hobgoblins
  A quokka (D:2)
  7 frilled lizards
  4 kobolds
  2 rats (D:1)
49 creatures vanquished.

Notes
Turn   | Place    | Note
-------+----------+-------------------------------------------
     0 | D:1      | zishaf the Troll Hunter began the quest for the Orb.
     0 | D:1      | Reached XP level 1. HP: 19/19 MP: 0/0
   115 | D:1      | Reached XP level 2. HP: 28/28 MP: 1/1
   170 | D:1      | Reached skill level 4 in Throwing
   371 | D:1      | Reached XP level 3. HP: 30/35 MP: 2/2
   960 | D:2      | Found a shadowy altar of Dithmenos.
  1054 | D:2      | Found a faded altar of an unknown god.
  1358 | D:3      | Found a deep blue altar of Sif Muna.
  1390 | D:3      | Reached XP level 4. HP: 40/44 MP: 3/3
  1483 | D:3      | Noticed Grinder
  1489 | D:3      | Slain by Grinder

Vault maps used:
D:1:      lemuel_arrival_lava_pool
D:2:      nicolae_overflow_hidden_temple, serial_curves, eino_curves_02,
          eino_curves_01, chequers_ecumenical_altar_simple, first_ration,
          minmay_misc_feat_cross, minmay_quantized
D:3:      nemelex_xobeh_ov_fountains_minmay, xom_teletrap_fun, led_sif_pool,
          nicolae_ru_the_path_less_chosen, uniq_grinder

Skill      XL: |  1  2 |
---------------+-------+-----
Throwing       | 4 |  4.0
Fighting       | 2 |  2.5
Dodging        | 2 |  2.5
Stealth        | |  0.3

Action                   |  1- 3 |  4- 6 || total
-------------------------+-------+-------++-------
Melee: Short sword       |    38 |       ||    38
       Unarmed           |   120 |       ||   120
       Spear             |    11 |     1 ||    12
Throw: Large rock        |       |     4 ||     4
 Stab: Sleeping          |     1 |     1 ||     2
  Eat: Chunk             |    18 |     1 ||    19
Armor: Robe              |    72 |       ||    72
Dodge: Dodged            |    99 |       ||    99

Table legend:
 A = Non-vault XP
 B = Vault XP
 C = Vault XP percentage of total XP
 D = Non-vault monster count
 E = Vault monster count
 F = Vault count percentage of total count
                 A         B        C        D         E       F
            +---------+---------+-------+---------+---------+-------
      Total |     100 |       2 |   2.0 |      48 |       1 |   2.0
            +---------+---------+-------+---------+---------+-------
        D:1 |      58 |       0 |   0.0 |      33 |       0 |   0.0
        D:2 |      35 |       2 |   5.4 |      13 |       1 |   7.1
        D:3 |       7 |       0 |   0.0 |       2 |       0 |   0.0
            +---------+---------+-------+---------+---------+-------
